 Dungeon Crawl Stone Soup version 0.29.0-4-gdea44cf6ec (webtiles) character file.

Game seed: 14366079178367566717

48 qw the Caller (level 3, -4/29 HPs)
             Began as a Ghoul Summoner on Sept 10, 2022.
             Slain by Grinder (9 damage)
             ... on level 4 of the Dungeon.
             The game lasted 00:00:44 (2142 turns).

qw the Caller (Ghoul Summoner)                      Turns: 2142, Time: 00:00:45

Health: -4/29      AC:  3    Str: 13    XL:     3   Next: 72%
Magic:  1/1        EV: 11    Int: 10    God:
Gold:   30         SH:  0    Dex:  9    Spells: 4/5 levels left

rFire   . . .      SeeInvis .   a - +4 hand axe (antimagic)
rCold   + . .      Faith    .   (no shield)
rNeg    + + +      Spirit   .   g - +0 leather armour
rPois   inf        Reflect  .   (no helmet)
rElec   .          Harm     .   (no cloak)
rCorr   .          Rampage  .   (no gloves)
Will    .....                   (no boots)
Stlth   +.........              (no amulet)
HPRegen 0.00/turn               (no ring)
MPRegen 0.07/turn               (no ring)

@: inhibited regen
A: claws 1, cold resistance 1, negative energy resistance 3, inhibited
regeneration, torment resistance 2, devour on kill
a: no special abilities


You were on level 4 of the Dungeon.
You visited 1 branch of the dungeon, and saw 3 of its levels.

You collected 30 gold pieces.


Innate Abilities, Weirdness & Mutations

You are immune to poison.
You have sharp fingernails.
Your flesh is cold resistant. (rC+)
You are immune to negative energy. (rN+++)
You do not regenerate when monsters are visible.
You are immune to unholy pain and torment.
You thrive by killing the living.


   Skills:
 - Level 2.0 Fighting
 + Level 2.2 Axes
 - Level 1.7 Dodging
 - Level 2.1 Stealth
 - Level 1.7 Spellcasting
 - Level 3.6 Summonings


You had 4 spell levels left.
You knew the following spells:

 Your Spells              Type           Power      Damage    Failure   Level
a - Summon Small Mammal   Summ           32%        N/A       10%         1

Your spell library contained the following spells:

 Spells                   Type           Power      Damage    Failure   Level
 Call Imp                 Summ           8%         N/A       14%         2
 Call Canine Familiar     Summ           8%         N/A       28%         3
 Summon Guardian Golem    Hex/Summ       4%         N/A       52%         3
 Summon Lightning Spire   Summ/Air       4%         N/A       89%         4

Inventory:

Hand Weapons
 a - a +4 antimagic hand axe (weapon)
 l - a +0 flail
Armour
 g - a +0 leather armour (worn)
Potions
 f - a potion of attraction {unknown}
 h - a potion of heal wounds {unknown}

Dungeon Overview and Level Annotations

Branches:
Dungeon (4/15)
 Temple: D:4-7

Altars:

Portals:
Sewer: D:4

Annotations:
D:4 Grinder


Message History

You swap places.
Your rat closely misses the goblin.
The goblin hits your rat but does no damage.
Your rat bites the goblin.
The goblin barely misses your rat.
Your rat closely misses the goblin.
You hear the slow rusting of a drain nearby.
You hear the slow hiss of an avalanche of sand very nearby.
The goblin hits your rat with a +0 dagger.
Your rat misses the goblin.
You swap places.
The goblin hits you with a +0 dagger. Grinder gestures at you.
You resist with significant effort.
You closely miss the goblin.
The goblin is heavily wounded.
The goblin hits you with a +0 dagger.
You barely miss the goblin.
The goblin is heavily wounded.
You closely miss Grinder. Grinder hits you.
The goblin hits you but does no damage.
You barely miss the goblin.
The goblin is heavily wounded.
You closely miss Grinder. Grinder hits you.
The goblin hits you but does no damage.
You closely miss the goblin. You claw the goblin.
The goblin is severely wounded.
You barely miss Grinder. Grinder misses you. The goblin barely misses you.
The goblin hits you with a +0 dagger. Grinder hits you.
You hit the goblin.
You kill the goblin!
You hit Grinder.
Grinder's magic leaks into the air.
Grinder's magic is no longer disrupted.
Grinder closely misses you.
You closely miss Grinder.
Grinder is lightly wounded.
Grinder hits you.
Your rat barely misses Grinder.
You hit Grinder.
Grinder's magic leaks into the air.
Grinder is lightly wounded.
Grinder's magic is no longer disrupted.
Grinder hits you!
You die...

##### ##
###...#....
#..5)......
#r@## . ##..##
#.. #...###...
#....#....
##....##
#..#...##
####.......#
##.##........#
#.............


You could see Grinder (ally target) and a friendly rat (summoned).

Vanquished Creatures
  An adder (D:2)
  An orc (D:4)
  4 bats (D:1)
  An endoplasm (D:1)
  4 giant cockroaches
  3 goblins
  2 hobgoblins (D:1)
  4 ball pythons (D:1)
  A frilled lizard (D:1)
  2 kobolds (D:1)
23 creatures vanquished.

Vanquished Creatures (collateral kills)
  A dart slug (D:1)
  An endoplasm (D:1)
  3 ball pythons (D:1)
  4 bats
  A rat (D:1)
10 creatures vanquished.

Grand Total: 33 creatures vanquished

Notes
Turn   | Place    | Note
-------+----------+-------------------------------------------
     0 | D:1      | qw the Ghoul Summoner began the quest for the Orb.
     0 | D:1      | Reached XP level 1. HP: 14/14 MP: 2/2
     0 | D:1      | 0 ||| qw: Version: 0.1-a-116-g5d60599
     0 | D:1      | 0 ||| qw: Game counter: 7442
     0 | D:1      | 0 ||| qw: Always use a shield: true
     0 | D:1      | 0 ||| qw: God list: Okawaru
     0 | D:1      | 0 ||| qw: Allow faded altars: false
     0 | D:1      | 0 ||| qw: Do Orc after D:15 true
     0 | D:1      | 0 ||| qw: Do second Lair branch before Depths: true
     0 | D:1      | 0 ||| qw: Lair rune preference: random
     0 | D:1      | 0 ||| qw: Plans: Normal
     0 | D:1      | 0 ||| PLANNING D:1-11
    21 | D:1      | 21 ||| CASTING Summon Small Mammal
    22 | D:1      | 22 ||| CASTING Summon Small Mammal
    47 | D:1      | 47 ||| CASTING Summon Small Mammal
    48 | D:1      | 48 ||| CASTING Summon Small Mammal
    60 | D:1      | 60 ||| CASTING Summon Small Mammal
   106 | D:1      | 106 ||| CASTING Summon Small Mammal
   107 | D:1      | 107 ||| CASTING Summon Small Mammal
   113 | D:1      | Reached skill level 1 in Axes
   133 | D:1      | 133 ||| CASTING Summon Small Mammal
   134 | D:1      | 134 ||| CASTING Summon Small Mammal
   178 | D:1      | 178 ||| CASTING Summon Small Mammal
   179 | D:1      | 179 ||| CASTING Summon Small Mammal
   204 | D:1      | 204 ||| CASTING Summon Small Mammal
   205 | D:1      | 205 ||| CASTING Summon Small Mammal
   210 | D:1      | Reached XP level 2. HP: 22/22 MP: 0/3
   243 | D:1      | 243 ||| CASTING Summon Small Mammal
   244 | D:1      | 244 ||| CASTING Summon Small Mammal
   245 | D:1      | 245 ||| CASTING Summon Small Mammal
   253 | D:1      | Reached skill level 1 in Fighting
   282 | D:1      | 282 ||| CASTING Summon Small Mammal
   283 | D:1      | 283 ||| CASTING Summon Small Mammal
   284 | D:1      | 284 ||| CASTING Summon Small Mammal
   294 | D:1      | 294 ||| CASTING Summon Small Mammal
   347 | D:1      | 347 ||| Wielding weapon +0 short sword.
   383 | D:1      | 383 ||| CASTING Summon Small Mammal
   384 | D:1      | 384 ||| CASTING Summon Small Mammal
   386 | D:1      | 386 ||| CASTING Summon Small Mammal
   435 | D:1      | 435 ||| CASTING Summon Small Mammal
   436 | D:1      | 436 ||| CASTING Summon Small Mammal
   437 | D:1      | 437 ||| CASTING Summon Small Mammal
   447 | D:1      | 447 ||| CASTING Summon Small Mammal
   500 | D:1      | 500 ||| CASTING Summon Small Mammal
   501 | D:1      | 501 ||| CASTING Summon Small Mammal
   502 | D:1      | 502 ||| CASTING Summon Small Mammal
   550 | D:1      | 550 ||| SWAPPING to +0 spear.
   551 | D:1      | 551 ||| DROPPING +0 short sword.
   564 | D:1      | 564 ||| CASTING Summon Small Mammal
   565 | D:1      | 565 ||| CASTING Summon Small Mammal
   566 | D:1      | 566 ||| CASTING Summon Small Mammal
   607 | D:1      | 607 ||| CASTING Summon Small Mammal
   608 | D:1      | 608 ||| CASTING Summon Small Mammal
   609 | D:1      | 609 ||| CASTING Summon Small Mammal
   685 | D:1      | 685 ||| CASTING Summon Small Mammal
   686 | D:1      | 686 ||| CASTING Summon Small Mammal
   687 | D:1      | 687 ||| CASTING Summon Small Mammal
   739 | D:1      | 739 ||| CASTING Summon Small Mammal
   740 | D:1      | 740 ||| CASTING Summon Small Mammal
   741 | D:1      | 741 ||| CASTING Summon Small Mammal
   745 | D:1      | Reached XP level 3. HP: 28/28 MP: 0/4
   794 | D:1      | 794 ||| SWAPPING to +0 hand axe.
   795 | D:1      | 795 ||| DROPPING +0 spear.
   863 | D:1      | 863 ||| CASTING Summon Small Mammal
   864 | D:1      | 864 ||| CASTING Summon Small Mammal
   865 | D:1      | 865 ||| CASTING Summon Small Mammal
   866 | D:1      | 866 ||| CASTING Summon Small Mammal
   948 | D:1      | 948 ||| CASTING Summon Small Mammal
   949 | D:1      | 949 ||| CASTING Summon Small Mammal
   950 | D:1      | 950 ||| CASTING Summon Small Mammal
   951 | D:1      | 951 ||| CASTING Summon Small Mammal
  1091 | D:1      | 1091 ||| CASTING Summon Small Mammal
  1093 | D:1      | 1093 ||| CASTING Summon Small Mammal
  1094 | D:1      | 1094 ||| CASTING Summon Small Mammal
  1096 | D:1      | 1096 ||| CASTING Summon Small Mammal
  1103 | D:1      | 1103 ||| CASTING Summon Small Mammal
  1258 | D:1      | 1258 ||| DROPPING +0 mace.
  1346 | D:1      | 1346 ||| CASTING Summon Small Mammal
  1347 | D:1      | 1347 ||| CASTING Summon Small Mammal
  1348 | D:1      | 1348 ||| CASTING Summon Small Mammal
  1349 | D:1      | 1349 ||| CASTING Summon Small Mammal
  1422 | D:1      | 1422 ||| CASTING Summon Small Mammal
  1423 | D:1      | 1423 ||| CASTING Summon Small Mammal
  1424 | D:1      | 1424 ||| CASTING Summon Small Mammal
  1425 | D:1      | 1425 ||| CASTING Summon Small Mammal
  1610 | D:1      | 1610 ||| UPGRADING to +0 leather armour.
  1620 | D:1      | 1620 ||| DROPPING +0 robe.
  1621 | D:1      | 1621 ||| READING scroll labelled ESSELO ONENLANIOPS.
  1626 | D:1      | 1626 ||| READING scroll labelled ZIASCH JYILA.
  1627 | D:1      | 1627 ||| READING scroll labelled FERROFUCSO.
  1628 | D:1      | 1628 ||| READING scroll labelled WAODOI SAUCZO.
  1629 | D:1      | 1629 ||| READING scroll labelled MEYD HAESYNEAM.
  1630 | D:1      | 1630 ||| DROPPING potion of magic.
  1662 | D:2      | 1662 ||| STAIRDANCE
  1762 | D:2      | 1762 ||| CASTING Summon Small Mammal
  1764 | D:2      | 1764 ||| CASTING Summon Small Mammal
  1832 | D:2      | 1832 ||| CASTING Summon Small Mammal
  1833 | D:2      | 1833 ||| CASTING Summon Small Mammal
  1834 | D:2      | 1834 ||| CASTING Summon Small Mammal
  1835 | D:2      | 1835 ||| CASTING Summon Small Mammal
  1882 | D:2      | You fall into a shaft and drop 2 floors!
  1882 | D:4      | Found a glowing drain.
  1883 | D:4      | 1883 ||| PLANNING OSSUARY
  1884 | D:4      | 1884 ||| CASTING Summon Small Mammal
  2106 | D:4      | 2106 ||| SWAPPING to +4 antimagic hand axe.
  2107 | D:4      | 2107 ||| DROPPING +0 hand axe.
  2129 | D:4      | 2129 ||| CASTING Summon Small Mammal
  2130 | D:4      | Noticed Grinder
  2131 | D:4      | 2131 ||| Stepping ~*~*~tactically~*~*~ (stealth).
  2141 | D:4      | HP: 5/29 [Grinder (5)]
  2142 | D:4      | Slain by Grinder

Levels and vault maps discovered:
D:1:      giann_forest_graveyard, layout_basic, supply_closet_lemuel,
          minmay_cupped
D:2:      layout_basic, hellmonk_ecumenical_altar_arch_garden,
          grunt_decor_arrowhead
D:4:      layout_cave_pools, minmay_temple_entry_proselytizer,
          nicolae_ossuary_entry_giza, cheibrodos_sewer_entry_sluice,
          eino_small_chamber_without_monster, kennysheep_nub, uniq_pikel,
          uniq_grinder, uniq_duvessa

Skill      XL: |  1  2  3 |
---------------+----------+-----
Axes           | 1 2 |  2.2
Fighting       | 1 2 |  2.0
Dodging        | |  1.7
Stealth        | |  2.1
Spellcasting   | |  1.7
Summonings     | |  3.6

Action                   || total
-------------------------++-------
Melee: Unarmed           ||    13
       Short sword       ||    10
       Spear             ||    12
       Punch             ||     2
       Hand axe          ||    55
 Cast: Summon Small Mamm ||    66
  Use: Scroll            ||     5
 Stab: Sleeping          ||     1
Armor: Robe              ||    15
       Leather armour    ||     8
Dodge: Dodged            ||    50

Table legend:
 A = Non-vault XP
 B = Vault XP
 C = Vault XP percentage of total XP
 D = Non-vault monster count
 E = Vault monster count
 F = Vault count percentage of total count
                 A         B        C        D         E       F
            +---------+---------+-------+---------+---------+-------
      Total |      65 |       4 |   5.8 |      30 |       3 |   9.1
            +---------+---------+-------+---------+---------+-------
        D:1 |      43 |       4 |   8.5 |      25 |       3 |  10.7
        D:2 |      17 |       0 |   0.0 |       3 |       0 |   0.0
        D:4 |       5 |       0 |   0.0 |       2 |       0 |   0.0
            +---------+---------+-------+---------+---------+-------
